 Dungeon Crawl Stone Soup version 0.31.0-12-g77e489cdc1 (webtiles) character file.

Game seed: 6917684602498204067

44 Curundu the Chopper (level 3, 0/51 HPs)
             Began as a Minotaur Berserker on Mar 3, 2024.
             Was a Follower of Trog.
             Succumbed to a gnoll's poison
             ... on level 2 of the Dungeon.
             The game lasted 00:02:39 (584 turns).

Curundu the Chopper (Minotaur Berserker)             Turns: 584, Time: 00:02:39

Health: 0/51       AC:  7    Str: 23    XL:     3   Next: 39%
Magic:  2/2        EV: 10    Int:  4    God:    Trog [*.....]
Gold:   54         SH:  0    Dex:  9    Spells: 2/2 levels left

rFire   . . .        a - +0 hand axe
rCold   . . .        (no shield)
rNeg    . . .        k - +0 scale mail
rPois   .            (helmet restricted)
rElec   .            (no cloak)
rCorr   .            (no gloves)
SInv    .            d - +0 pair of boots
Will    .....        (no amulet) Stlth
                     (no ring)
HPRegen 0.28/turn    (no ring)
MPRegen 0.08/turn

%: no passive effects
@: berserking, lethally poisoned (0 -> -5), very quick
A: horns 2, retaliatory headbutt
a: Renounce Religion, Berserk


You were on level 2 of the Dungeon.
You worshipped Trog.
Trog was aware of your devotion.
You visited 1 branch of the dungeon, and saw 2 of its levels.

You collected 54 gold pieces.

Inventory:

Hand Weapons
 a - a +0 hand axe (weapon)
Armour
 d - a +0 pair of boots (worn)
 k - a +0 scale mail (worn)
Jewellery
 j - a ring of ice
Scrolls
 c - a scroll of butterflies {unknown}
 e - a scroll of torment {unknown}
 h - 3 scrolls of identify {unknown}
Potions
 f - 2 potions of curing {unknown}
 g - 2 potions of degeneration {unknown}
 i - a potion of magic {unknown}


   Skills:
 + Level 4.4 Fighting
 + Level 4.4 Axes
 + Level 2.6 Armour
 + Level 2.4 Dodging


You had 2 spell levels left.
You didn't know any spells.
Your spell library was empty.

Dungeon Overview and Level Annotations

Branches:
Dungeon (2/15)

Altars:


Innate Abilities, Weirdness & Mutations

You have a pair of horns on your head.
You reflexively headbutt those who attack you in melee.


Message History

A gnoll comes into view. It is wielding a +2 halberd of venom.
The gnoll hits you with a +0 spear!
You barely miss the gnoll. Your headbutt misses the gnoll.
You punch the gnoll, but do no damage. The gnoll barely misses you. x2
A gnoll comes into view. It is wielding a +0 hand axe.
The gnoll hits you from afar with a +0 spear.
The gnoll barely misses you. You furiously retaliate!
You headbutt the gnoll! You barely miss the gnoll.
The gnoll is almost dead.
The ribbon worm expels a string of sticky webbing.
The stream of webbing hits you but does no damage.
You are caught in a web!
The gnoll hits you from afar with a +0 spear.
The gnoll barely misses you.
A red film seems to cover your vision as you go berserk!
You feel yourself moving faster!
You feel mighty!
The gnoll hits you from afar with a +2 halberd of venom.
The gnoll hits you but does no damage. x2
The web tears apart.
You feel a strong urge to attack something.
You slash the gnoll!
You kill the gnoll!
Trog accepts your kill.
You hit the ribbon worm.
The gnoll hits you from afar with a +2 halberd of venom!
You are poisoned.
The gnoll hits you from afar with a +0 spear.
* * * LOW HITPOINT WARNING * * *
The ribbon worm bites you but does no damage.
You hit the ribbon worm.
The ribbon worm is moderately wounded.
You feel sick.
The gnoll hits you from afar with a +2 halberd of venom!
* * * LOW HITPOINT WARNING * * *
The gnoll hits you from afar with a +0 spear.
* * * LOW HITPOINT WARNING * * *
You hit the ribbon worm. Your headbutt misses the ribbon worm.
The ribbon worm is moderately wounded.
You hit the gnoll.
You die...

#.###### #####
#......######.... #..#
#...........
#..###..#####.###
#.......###..†#
#####.......##..#.##
#...#..............##
##.#.g.#......#######..#
#(...gw@.....###$⌠$###.#
.......g).....##.. .##.#
##......$.....#... .#.#
...........#..# #.#
.....$..#..#..# #..
..............# #.#
##.###........# #.# #.
#.##.##..# #.# #.#


You could see a ribbon worm (catching breath) and 3 gnolls.

Vanquished Creatures
  An adder (D:2)
  A gnoll (D:2)
  2 ball pythons
  3 bats
  A giant cockroach (D:1)
  2 goblins (D:1)
  3 hobgoblins (D:1)
  3 jackals (D:1)
  2 kobolds (D:1)
  A quokka (D:1)
  A frilled lizard (D:1)
  2 rats
22 creatures vanquished.

Notes
Turn   | Place    | Note
-------+----------+-------------------------------------------
     0 | D:1      | Curundu the Minotaur Berserker began the quest for the Orb.
     0 | D:1      | Reached XP level 1. HP: 19/19 MP: 0/0
   143 | D:1      | Reached XP level 2. HP: 27/27 MP: 1/1
   568 | D:2      | Reached XP level 3. HP: 29/33 MP: 2/2
   583 | D:2      | HP: 2/51 [gnoll/+2 halberd of venom (9)]
   584 | D:2      | Succumbed to a gnoll's poison

Illustrated notes

Levels and vault maps discovered:
D:1:      onia_arrival_mini_spirals, layout_rooms, minmay_3d_cube
D:2:      cheibrodos_pilgrimage, layout_loops_ring, serial_shops,
          shop_fountains, basic_altar, uniq_sigmund

Skill      XL: |  1  2 |
---------------+-------+-----
Fighting       | 4 |  4.4
Axes           | 4 |  4.4
Armour         | |  2.6
Dodging        | |  2.4

Action                     || total
---------------------------++-------
  Melee: Hand axe          ||    43
         Headbutt          ||     5
         Punch             ||     1
 Invoke: Berserk           ||     1
 Armour: Animal skin       ||     6
         Scale mail        ||    19
  Dodge: Dodged            ||    31
